 Dungeon Crawl Stone Soup version 0.32-a0-290-g598725c5f2 (webtiles) character file.

Game seed: 2334796699723155732

1737 senseless the Covered (level 8, 0/67 HPs)
             Began as a Mountain Dwarf Fire Elementalist on Feb 13, 2024.
             Was a Priest of Beogh.
             Slain by Ogrik the orc apostle
             ... wielding a +2 flail of protection
              (10 damage)
             ... on level 6 of the Dungeon.
             The game lasted 00:17:07 (6252 turns).

senseless the Covered (MDFE)                        Turns: 6252, Time: 00:17:07

Health: 0/67       AC: 12    Str: 12    XL:     8   Next: 76%
Magic:  11/15      EV:  7    Int: 23    God:    Beogh [***...]
Gold:   73         SH:  0    Dex: 11    Spells: 10/17 levels left

rFire   . . .        o - +3 flail
rCold   . . .        (no shield)
rNeg    . . .        i - +0 chain mail
rPois   .            y - +1 hat
rElec   .            f - scarf of the Kettle-Drum {shadows, rCorr Int+3 Dex-3}
rCorr   +            c - -1 pair of gloves of Cosomick {Int+3 Dex+4 Stlth+}
SInv    .            v - +0 pair of boots
Will    ++...        (no amulet) Stlth
                     s - ring of willpower
HPRegen 0.31/turn    A - ring of willpower
MPRegen 0.14/turn

%: no passive effects
@: no status effects
A: runic magic, artefact enchanting
a: Renounce Religion, Smiting


You were on level 6 of the Dungeon.
You worshipped Beogh.
Beogh was most pleased with you.
You visited 1 branch of the dungeon, and saw 6 of its levels.

You collected 360 gold pieces.
You spent 287 gold pieces at shops.

Inventory:

Hand Weapons
 o - a +3 flail (weapon)
 C - a +4 dagger
Missiles
 g - 5 atropa-tipped darts
 D - 6 poisoned darts
 E - a curare-tipped dart
Armour
 c - the -1 pair of gloves of Cosomick (worn) {Int+3 Dex+4 Stlth+}
   (You found it on level 5 of the Dungeon)

   Int+3:     It affects your intelligence (+3).
   Dex+4:     It affects your dexterity (+4).
   Stlth+:    It makes you more stealthy.
 f - the scarf of the Kettle-Drum (worn) {shadows, rCorr Int+3 Dex-3}
   (You acquired it on level 3 of the Dungeon)

   Int+3:     It affects your intelligence (+3).
   Dex-3:     It affects your dexterity (-3).
   rCorr:     It protects you from acid and corrosion.
 i - a +0 chain mail (worn)
 r - a +0 plate armour
 t - a +1 robe of cold resistance
 v - a +0 pair of boots (worn)
 y - a +1 hat (worn)
 F - a +0 pair of gloves
Jewellery
 s - a ring of willpower (left hand)
 A - a ring of willpower (right hand)
Wands
 a - a wand of roots (14)
 u - a wand of mindburst (4)
 x - a wand of paralysis (22)
Scrolls
 e - a scroll of torment
 k - a scroll of teleportation
 B - a scroll of immolation
 G - a scroll of identify
Potions
 d - a potion of curing
 h - a potion of invisibility
 j - a potion of heal wounds {unknown}
 l - a potion of berserk rage {unknown}
 m - 2 potions of lignification
 n - 2 potions of enlightenment
 p - 2 potions of brilliance
 q - 2 potions of mutation
 w - 3 potions of degeneration {unknown}
 z - 2 potions of haste


   Skills:
 + Level 4.5 Fighting
 * Level 6.4 Armour
 - Level 1.3 Dodging
 - Level 1.4 Stealth
 * Level 5.2 Spellcasting
 + Level 3.9 Conjurations
 + Level 6.1 Fire Magic


You had 10 spell levels left.
You knew the following spells:

 Your Spells              Type           Power      Damage    Failure   Level
a - Foxfire               Conj/Fire      100%       2x1d9     2%          1
b - Scorch                Fire           68%        2d7       2%          2
c - Flame Wave            Conj/Fire      29%        2d9       24%         4

Your spell library contained the following spells:

 Spells                   Type           Power      Damage    Failure   Level
 Momentum Strike          Conj/Tloc      30%        3d8       13%         2
 Inner Flame              Hex/Fire       20%        N/A       16%         3
 Volatile Blastmotes      Fire/Tloc      40%        2d13      16%         3
 Blink                    Tloc           10%        N/A       28%         2
 Lesser Beckoning         Tloc           10%        N/A       28%         2


Dungeon Overview and Level Annotations

Branches:
Dungeon (6/15)             Temple (0/1) D:4

Altars:
Ashenzari
Sif Muna
Trog
Yredelemnul
Beogh

Shops:
D:4 (


Innate Abilities, Weirdness & Mutations

Your facial features are unmistakably orcish.
Your spellcasting is much less encumbered by armour.
You can use scrolls of enchantment on lesser artefacts.


Message History

The cerulean imp hits you but does no damage.
Flames lash the cerulean imp.
The cerulean imp is almost dead.
The cerulean imp's fire resistance burns away.
Ogrik hits you but does no damage.
The cerulean imp hits you with a +1 spear.
Flames lash Ogrik but do no damage.
Ogrik hits you with a +2 flail of protection.
The cerulean imp hits you with a +1 spear.
Flames lash the cerulean imp.
You kill the cerulean imp!
The cerulean imp disappears in a puff of smoke!
Ogrik is no longer more vulnerable to fire.
Ogrik hits you with a +2 flail of protection.
Magic courses through your body.
Ogrik utters an invocation to Beogh.
Flames lash Ogrik.
Ogrik is lightly wounded.
Ogrik's fire resistance burns away.
Ogrik mumbles some strange prayers to Beogh against you.
Beogh smites you!
The cerulean imp hits you with a +0 spear.
Flames lash Ogrik.
Ogrik is burned terribly!
Ogrik is lightly wounded.
Ogrik invokes the aid of Beogh against you.
Beogh smites you! The cerulean imp barely misses you.
You are too injured to fight recklessly!
You hit Ogrik but do no damage.
Ogrik is lightly wounded.
Ogrik mumbles some strange prayers to Beogh.
The cerulean imp hits you but does no damage.
Ogrik says, "How could Beogh possibly choose you?"
Ogrik invokes the aid of Beogh against you.
Beogh smites you!
* * * LOW HITPOINT WARNING * * *
You hit Ogrik but do no damage.
Ogrik is no longer regenerating.
The cerulean imp barely misses you.
Ogrik hits you with a +2 flail of protection!
You die...
Beogh appreciates Ogrik's killing of a heretic priest.

.......#
.......#....
#.##..##...# ###
#.##..##...###.#####
......#.....#......#
......#.....#......#
....÷.#.....#......#
......#<....#.§....#
......'..[..#..5@..#
#...####.########o5#
#...####'####.###..#
.......)..#........#
..........#........#
..........#........#
..........#........#
##..###..###..##...#
##+#########..##...#


You could see Ogrik the orc apostle (combustible, divinely empowered) and 2
cerulean imps.

Vanquished Creatures
  Prince Ribbit (D:5)
  A steam dragon (D:6)
  An ice beast (D:5)
  A black bear (D:4)
  4 ogres
  A phantom (D:5)
  A kobold brigand (D:6)
  2 scorpions
  2 bombardier beetles
  2 hounds
  A gnoll bouda (D:6)
  2 sleepcaps
  2 orc wizards
  7 iguanas
  3 gnolls (D:6)
  5 adders
  4 ufetubi (D:6)
  4 dart slugs
  A ribbon worm (D:4)
  4 orcs
  7 endoplasms
  5 giant cockroaches
  4 goblins
  6 hobgoblins
  3 jackals
  9 kobolds
  5 quokkas
  3 ball pythons
  4 bats
  4 frilled lizards
  7 rats
106 creatures vanquished.

Vanquished Creatures (others)
  2 orcs
  75 foxfires
77 creatures vanquished.

Grand Total: 183 creatures vanquished

Notes
Turn   | Place    | Note
-------+----------+-------------------------------------------
     0 | D:1      | senseless the Mountain Dwarf Fire Elementalist began the
                  | quest for the Orb.
     0 | D:1      | Reached XP level 1. HP: 14/14 MP: 3/3
    99 | D:1      | Reached skill level 1 in Conjurations
   149 | D:1      | Found a faded altar of an unknown god.
   160 | D:1      | Prayed at the altar of an unknown god.
   160 | D:1      | Became a worshipper of Beogh the Shepherd
   160 | D:1      | Reached * piety under Beogh
   213 | D:1      | Reached XP level 2. HP: 20/22 MP: 1/5
   312 | D:1      | Reached skill level 1 in Armour
   579 | D:1      | Reached XP level 3. HP: 27/27 MP: 6/6
   727 | D:1      | Reached skill level 1 in Fighting
   823 | D:1      | Learned a level 2 spell: Scorch
  1215 | D:2      | Found a basalt altar of Yredelemnul.
  1255 | D:2      | Reached ** piety under Beogh
  1262 | D:2      | Reached XP level 4. HP: 33/35 MP: 0/7
  1692 | D:3      | Identified a scroll of acquirement
  1692 | D:3      | Acquired the scarf of the Kettle-Drum {shadows, rCorr Int+3
                  | Dex-3}
  2433 | D:4      | Reached XP level 5. HP: 41/41 MP: 7/9
  2715 | D:4      | Found a staircase to the Ecumenical Temple.
  2984 | D:4      | Found Hyech's Weapon Boutique.
  2984 | D:4      | Noticed a black bear
  2999 | D:4      | Killed a black bear
  3000 | D:4      | Reached XP level 6. HP: 15/49 MP: 0/10
  3457 | D:5      | Entered Level 5 of the Dungeon
  3701 | D:5      | Identified the -1 pair of gloves of Cosomick {Int+3 Dex+4
                  | Stlth+}
  3717 | D:5      | Learned a level 4 spell: Flame Wave
  3719 | D:5      | Found a shimmering blue altar of Sif Muna.
  3863 | D:5      | Noticed Prince Ribbit
  3867 | D:5      | Killed Prince Ribbit
  3868 | D:5      | Reached skill level 5 in Fire Magic
  3868 | D:5      | Reached XP level 7. HP: 57/57 MP: 4/12
  4309 | D:5      | Reached skill level 5 in Armour
  4964 | D:4      | Bought a +3 flail for 287 gold pieces
  5047 | D:6      | Noticed a steam dragon
  5054 | D:6      | Killed a steam dragon
  5055 | D:6      | Reached XP level 8. HP: 54/66 MP: 9/14
  5573 | D:6      | Reached *** piety under Beogh
  5607 | D:6      | Noticed Ogrik
  5621 | D:6      | Found a bloodstained altar of Trog.
  5782 | D:6      | Found a broken altar of Ashenzari.
  5880 | D:6      | Reached skill level 5 in Spellcasting
  6252 | D:6      | Slain by Ogrik the orc apostle

Illustrated notes

Levels and vault maps discovered:
D:1:      mushboom_english_gardens, layout_basic,
          chequers_ecumenical_altar_simple_redux
D:2:      layout_rooms, basic_altar, minmay_ruptured
D:3:      layout_rooms
D:4:      layout_loops_ring, minmay_temple_entry_sparse_star, abandoned_shop,
          kennysheep_windowed_goal
D:5:      layout_basic, mainiacjoe_overflow_boulevard, serial_glass,
          glass_columns_c, glass_columns_b, glass_columns_a, glass_columns_a,
          glass_columns_b, glass_columns_b, glass_columns_a, glass_columns_c,
          glass_columns_c, glass_columns_b, glass_columns_c, glass_columns_a,
          glass_columns_a, glass_columns_a, minivault_14, uniq_prince_ribbit1
D:6:      layout_gridville, amethyst_overflow_temple_binary

Skill      XL: |  1  2  3  4  5  6  7  8 |
---------------+-------------------------+-----
Conjurations   | 1 2 3 |  3.9
Spellcasting   | 2 3 4 5 |  5.2
Armour         | 1 2 3 4 5 6 |  6.4
Fighting       | 1 2 3 4 |  4.5
Fire Magic     | 4 5 6 |  6.1
Dodging        | |  1.3
Stealth        | |  1.4

Action                     |  1- 3 |  4- 6 |  7- 9 || total
---------------------------+-------+-------+-------++-------
  Melee: Unarmed           |     1 |       |       ||     1
         Short sword       |    43 |    32 |       ||    75
         Mace              |       |    19 |       ||    19
         Rapier            |       |    14 |       ||    14
         Dagger            |       |    31 |     2 ||    33
         Flail             |       |       |    31 ||    31
   Cast: Foxfire           |    30 |     1 |    16 ||    47
         Scorch            |     9 |    44 |    68 ||   121
         Flame Wave        |       |       |     1 ||     1
  Evoke: Wand              |       |       |     2 ||     2
    Use: Scroll            |       |    10 |     7 ||    17
         Potion            |       |       |     3 ||     3
   Stab: Sleeping          |     1 |       |       ||     1
 Armour: Robe              |    14 |       |       ||    14
         Chain mail        |    35 |   102 |    89 ||   226
  Dodge: Dodged            |    22 |    44 |    28 ||    94

Table legend: (Time is in decaauts)
 A = Elapsed time spent in this place.
 B = Non-inter-level travel time spent in this place.
 C = Inter-level travel time spent in this place.
 D = Time resting spent in this place.
 E = Time spent auto-exploring this place.
 F = Levels seen in this place.
 G = Mean time per level.
                   A        B        C        D        E       F      G
               +--------+--------+--------+--------+--------+-----+--------+
         Total |   6277 |   5992 |    285 |     63 |   5139 |   6 | 1046.2 |
       Dungeon |   6277 |   5992 |    285 |     63 |   5139 |   6 | 1046.2 |
               +--------+--------+--------+--------+--------+-----+--------+

Top non-repeatable levels by time:
     D:5: 1481 daAuts
     D:4: 1327 daAuts
     D:6: 1224 daAuts
     D:1: 1065 daAuts
     D:2: 622 daAuts
     D:3: 555 daAuts
